 Dungeon Crawl Stone Soup version 0.18.0-1-g0107ab7 (webtiles) character file.

312 Chiseanne the Magician (level 6, 41/41 HPs)
             Began as a Demonspawn Wizard on May 5, 2016.
             Quit the game on level 3 of the Dungeon.
             The game lasted 00:08:20 (4543 turns).

Chiseanne the Magician (Demonspawn Wizard)          Turns: 4543, Time: 00:08:21

Health: 41/41      AC:  7    Str:  7    XL:     6   Next: 18%
Magic:  13/13      EV: 12    Int: 22    God:
Gold:   111        SH:  0    Dex: 11    Spells: 4 memorised, 7 levels left

rFire  . . .     SeeInvis .     o - +0 short sword (curse)
rCold  . . .     Gourm    .     a - +0 robe
rNeg   . . .     Faith    .     (no shield)
rPois  .         Spirit   +     b - +1 hat
rElec  .         Dismiss  .     (no cloak)
rCorr  .         Reflect  .     q - +0 pair of gloves
SustAt .         Harm     .     v - +0 pair of boots
MR     .....                    g - amulet of magic regeneration
Stlth  ++........               (no ring)
                                (no ring)

@: repel missiles, not resistant to hostile enchantments, unstealthy
A: horns 1, yellow scales 1, magic shield
a: no special abilities


You were on level 3 of the Dungeon.
You were not hungry.

You visited 1 branch of the dungeon, and saw 3 of its levels.

You collected 111 gold pieces.

Inventory:

Hand Weapons
 f - a +0 mace
 i - a +0 short sword
 o - a cursed +0 short sword (weapon)
 s - a +0 blowgun
 u - a +4 falchion
Missiles
 e - 99 stones (quivered)
 k - 18 poisoned needles
Armour
 a - a +0 robe (worn)
 b - a +1 hat (worn)
 q - a +0 pair of gloves (worn)
 v - a +0 pair of boots (worn)
Jewellery
 g - an amulet of magic regeneration (around neck)
Potions
 h - 2 potions of magic
 j - a potion of cancellation
 l - a potion of haste
 n - 2 potions of curing {unknown}
 r - a potion of might {unknown}
 w - a potion of berserk rage
Books
 c - a book of Minor Magic

   Spells                             Type                      Level
   a - Magic Dart                     Conjuration                  1
   b - Blink                          Translocation                2
   c - Call Imp                       Summoning                    2
   d - Repel Missiles                 Charms/Air                   2
   e - Slow                           Hexes                        2
   f - Conjure Flame                  Conjuration/Fire             3
   g - Mephitic Cloud                 Conjuration/Poison/Air       3
Comestibles
 d - 4 bread rations
 m - 2 royal jellies
 p - a meat ration
 x - a slice of pizza


   Skills:
 - Level 1.7 Dodging
 - Level 1.7 Stealth
 * Level 5.1 Spellcasting
 * Level 4.3 Conjurations
   Level 1.0 Summonings
 - Level 0.8 Translocations


You had 7 spell levels left.
You knew the following spells:

 Your Spells              Type           Power        Failure   Level  Hunger
a - Magic Dart            Conj           ###.         1%          1    None
b - Blink                 Tloc           N/A          12%         2    None
c - Repel Missiles        Chrm/Air       #.....       17%         2    None
d - Mephitic Cloud        Conj/Pois/Air  ##......     17%         3    ##.....


Dungeon Overview and Level Annotations

Branches:
Dungeon (3/15)

Altars:


Innate Abilities, Weirdness & Mutations

You have a pair of small horns on your head.
You are partially covered in yellow scales (AC +2).
When hurt, damage is shared between your health and your magic reserves.


Message History

Confirm with . or Enter, or press ? or * to list all spells.
Aiming: Magic Dart
Press: ? - help, Shift-Dir - straight line, f - you Really target yourself? [Y]es or [N]o only, please.
Really target yourself?
Okay, then.
You now have 111 gold pieces (gained 10).
You see here a goblin corpse.
Done exploring.
Read which item? (? for menu, Esc to quit)
As you read the scroll labeled OFEISE ILOA, it crumbles to dust.
It is a scroll of enchant weapon.
Enchant which weapon? (? for menu, Esc to quit)
Your runed falchion glows red for a moment.
Read which item? (? for menu, Esc to quit)
Identify which item? (\ to view known items) (? for menu, Esc to quit)
As you read the scroll of identify, it crumbles to dust.
w - a potion of berserk rage Are you sure you want to abandon this character and quit the game? (Confirm with "yes".)

#.#........#
#.###.######
# #.# #.# #
#.# #># #
##.###†######
#
#...........#
#
#...........#
#
#...........#
#
#.@.........#
#...........#
#.........†.#
#...........#
#...........#
#...........#
#############


There were no monsters in sight!

Vanquished Creatures
  Sigmund (D:3)
  An orc priest (D:3)
  3 adders
  2 oozes (D:3)
  A worm (D:3)
  5 dart slugs
  2 giant geckos (D:1)
  6 orcs (D:3)
  A ball python (D:1)
  15 bats
  3 giant cockroaches
  5 goblins
  11 hobgoblins
  6 kobolds
  2 quokkas
  3 giant newts
  10 rats
77 creatures vanquished.

Vanquished Creatures (others)
  A goblin (D:1)
1 creature vanquished.

Grand Total: 78 creatures vanquished

Notes
Turn   | Place    | Note
--------------------------------------------------------------
     0 | D:1      | Chiseanne the Demonspawn Wizard began the quest for the Orb.
     0 | D:1      | Reached XP level 1. HP: 13/13 MP: 4/4
   698 | D:1      | Gained mutation: When hurt, damage is shared between your health and your magic reserves. [demonic ancestry]
   698 | D:1      | Reached XP level 2. HP: 15/19 MP: 0/6
  1443 | D:1      | Reached XP level 3. HP: 24/24 MP: 4/8
  1817 | D:1      | Learned a level 2 spell: Blink
  1820 | D:1      | Learned a level 2 spell: Repel Missiles
  1888 | D:1      | Learned a level 3 spell: Mephitic Cloud
  3015 | D:2      | Reached XP level 4. HP: 30/30 MP: 3/9
  3459 | D:3      | Reached skill level 4 in Spellcasting
  3967 | D:3      | Gained mutation: You are partially covered in yellow scales (AC +2). [demonic ancestry]
  3967 | D:3      | Reached XP level 5. HP: 32/35 MP: 0/11
  4026 | D:3      | Noticed Sigmund
  4049 | D:3      | Killed Sigmund
  4049 | D:3      | Reached skill level 5 in Spellcasting
  4049 | D:3      | Gained mutation: You have a pair of small horns on your head. [demonic ancestry]
  4049 | D:3      | Reached XP level 6. HP: 36/41 MP: 0/13
  4543 | D:3      | Quit the game

Skill      XL: |  1  2  3  4  5 |
---------------+----------------+-----
Conjurations   | 2 3 4 |  4.3
Spellcasting   | 4 5 |  5.1
Dodging        | |  1.7
Stealth        | |  1.7
Summonings     | |  1.0
Translocations | |  0.8

Action                   |  1- 3 |  4- 6 || total
-------------------------+-------+-------++-------
Melee: Short sword       |    20 |    18 ||    38
 Fire: Blowgun           |       |    11 ||    11
 Cast: Magic Dart        |   111 |    77 ||   188
       Repel Missiles    |     1 |       ||     1
       Mephitic Cloud    |       |     4 ||     4
       Blink             |       |     1 ||     1
  Use: Scroll            |     6 |     8 ||    14
 Stab: Confused          |       |     2 ||     2
  Eat: Chunk             |     5 |     6 ||    11
Armor: Robe              |    13 |     4 ||    17
Dodge: Dodged            |    40 |    30 ||    70
